 Dungeon Sprint DCSS version 0.30-a0-757-ga6a79fd877 (webtiles) character file.

Game seed: 9358803791768634520

28 BigDaddyOpFi the Protected (level 6, -3/64 HPs)
             Began as an Armataur Fighter on Feb 9, 2023.
             Was a Follower of Qazlal.
             Slain by a wolf (7 damage)
             ... in the Dungeon (Sprint VI: "Thunderdome").
             The game lasted 00:01:58 (357 turns).

BigDaddyOpFi the Protected (Armataur Fighter)        Turns: 357, Time: 00:01:58

Health: -3/64      AC:  8    Str: 32    XL:     6   Next: 72%
Magic:  6/6        EV: 13    Int: 12    God:    Qazlal [*.....]
Gold:   70         SH:  7    Dex:  9    Spells: 5/5 levels left

rFire   . . .      SeeInvis .    a - +0 war axe
rCold   + + .      Faith    +    c - +0 buckler
rNeg    + . .      Spirit   .    b - +0 scale mail
rPois   .          Reflect  .    (no helmet)
rElec   .          Harm     .    (no cloak)
rCorr   .          Roll     +    (no gloves)
Will    .....      NoTele   +    (no barding) Stlth
                                 o - amulet of Yruicif {Faith Str+3}
HPRegen 0.30/turn                q - ring "Giude" {rC+ rN+}
MPRegen 0.10/turn                r - ring "Luulimp" {rC+ Will- EV+5 Str+6 Int+3}

@: no status effects
A: large, rugged brown scales 3, deformed body, armoured tail, roll, long
tongue, awkward tongue
a: Renounce Religion


You were in the Dungeon.
You worshipped Qazlal.
Qazlal was aware of your devotion.
You visited 1 branch You collected 250 gold pieces.
You spent 180 gold pieces at shops.

Inventory:

Hand Weapons
 a - a +0 war axe (weapon)
Armour
 b - a +0 scale mail (worn)
 c - a +0 buckler (worn)
Jewellery
 o - the amulet of Yruicif (around neck) {Faith Str+3}
   (You bought it in a shop in the Dungeon)

   [amulet of faith]

   It allows you to gain divine favour quickly.
   Str:       It affects your strength (+3).
 p - the ring "Yciez" {rF+ rN+ rCorr Int-3 Stlth+}
   (You bought it in a shop in the Dungeon)

   [ring of protection from fire]

   Int:       It affects your intelligence (-3).
   rF:        It protects you from fire.
   rN:        It protects you from negative energy.
   rCorr:     It protects you from acid and corrosion.
   Stlth:     It makes you more stealthy.
 q - the ring "Giude" (left hand) {rC+ rN+}
   (You bought it in a shop in the Dungeon)

   [ring of positive energy]

   rC:        It protects you from cold.
   rN:        It protects you from negative energy.
 r - the ring "Luulimp" (right hand) {rC+ Will- EV+5 Str+6 Int+3}
   (You bought it in a shop in the Dungeon)

   [ring of evasion]

   EV:        It affects your evasion (+5).
   Str:       It affects your strength (+6).
   Int:       It affects your intelligence (+3).
   rC:        It protects you from cold.
   Will:      It decreases your willpower.
Wands
 m - a wand of roots (4) (quivered)
Scrolls
 j - 4 scrolls of blinking
 n - 3 scrolls of fog
Potions
 e - a potion of curing
 g - 3 potions of haste
 h - 2 potions of magic
 i - a potion of berserk rage
 k - a potion of resistance


   Skills:
 + Level 7.2 Fighting
 + Level 6.2 Axes
 + Level 9.4 Armour
 + Level 8.6 Shields


You had 5 spell levels left.
You didn't know any spells.
Your spell library was empty.

Dungeon Overview and Level Annotations

Branches:
Dungeon (1/1)

Altars:
Cheibriados
Dithmenos
Fedhas
Gozag
Kikubaaqudgha
Makhleb
Okawaru
Qazlal
Ru
Sif Muna
Trog
Uskayaw
Vehumet
Wu Jian
Xom
Yredelemnul
Zin
The Shining One
Lugonu

Shops:
D *[??*?*:[((!!!!


Innate Abilities, Weirdness & Mutations

You are completely covered in rugged brown scales. (AC +3, +7% HP)
Armour fits poorly on your strangely shaped body.
You have a long armoured tail.
You roll when moving toward enemies. (Rampage)
Your long tongue fully drains potion bottles. (2x potion effects)
Your tongue gives you trouble enunciating. (1.5x scroll delay)


Message History

You feel yourself slow down.
You start resting. 50...
You start resting.
A wolf comes into view.
A wolf is nearby!
A wolf is nearby!
A wolf is nearby!
The wolf howls!
Things that are here:
a hell hound corpse; a hell hound corpse You feel a little less mighty now.
A wolf comes into view.
The wolf barely misses you. You block the wolf's attack.
You miss the wolf.
Your tail-slap misses the wolf.
The wolf bites you. x2
* * * LOW HITPOINT WARNING * * *
You barely miss the wolf. The wolf bites you.
* * * LOW HITPOINT WARNING * * *
The wolf closely misses you.
You closely miss the wolf.
A hound comes into view.
The wolf bites you.
* * * LOW HITPOINT WARNING * * *
The wolf is struck by lightning.
The wolf bites you.
* * * LOW HITPOINT WARNING * * *
The wolf barely misses you.
You barely miss the wolf.
The hound barks!
Your tail-slap misses the wolf.
The wolf is severely wounded.
You hit the wolf but do no damage. The wolf barely misses you.
The wolf bites you but does no damage. The wolf bites you.
* * * LOW HITPOINT WARNING * * *
The wolf bites you but does no damage.
You hit the wolf.
The wolf is severely wounded.
You hit the wolf. The wolf closely misses you. The wolf bites you.
* * * LOW HITPOINT WARNING * * *
The wolf bites you!
You die...

#⌠...........⌠
######.8.........8.
##.___......###.....
###∩........8.# #.8...
##.............###.....
#⌠..........###...###..
#⌠..†.......# #.<.# #..
#⌠.....h....###...###..
##....@h.......###.....
###∩........8.# #.8...
##∩___h.....###.....
######.8.........8.
#⌠...........⌠
###.........##
#_......._# #_......._#
#........_#


You could see 2 wolves and a hound.

Vanquished Creatures
  Grum (D)
  2 hell hounds (D)
  2 crimson imps (D)
  A quasit (D)
  2 ufetubi (D)
  An endoplasm (D)
  A giant cockroach (D)
  A quokka (D)
11 creatures vanquished.

Notes
Turn   | Place    | Note
-------+----------+-------------------------------------------
     0 | D        | BigDaddyOpFi the Armataur Fighter began the quest for the
                  | Orb.
     0 | D        | Reached XP level 1. HP: 19/19 MP: 1/1
     3 | D        | Found a bloodstained altar of Trog.
     3 | D        | Found a shimmering altar of Xom.
     4 | D        | Found an opulent altar of Gozag.
     4 | D        | Found an ancient bone altar of Kikubaaqudgha.
     5 | D        | Found a stormy altar of Qazlal.
     5 | D        | Round 1.
     6 | D        | Found an ornate altar of the Wu Jian Council.
     6 | D        | Found a glowing silver altar of Zin.
     6 | D        | Found Ebohad's Identification Station.
     7 | D        | Found Faived's Jewellery.
     7 | D        | Found Zosin's Advanced Armour.
    20 | D        | Bought an ancient golden amulet for 45 gold pieces
    20 | D        | Identified the amulet of Yruicif {Faith Str+3} (You bought
                  | it in a shop in the Dungeon)
    20 | D        | Bought an ancient bone ring for 45 gold pieces
    20 | D        | Identified the ring "Yciez" {rF+ rN+ rCorr Int-3 Stlth+}
                  | (You bought it in a shop in the Dungeon)
    20 | D        | Bought a brightly glowing amber ring for 45 gold pieces
    20 | D        | Identified the ring "Giude" {rC+ rN+} (You bought it in a
                  | shop in the Dungeon)
    70 | D        | Reached skill level 4 in Armour
    74 | D        | Bought a clouded platinum ring for 45 gold pieces
    74 | D        | Identified the ring "Luulimp" {rC+ Will- EV+5 Str+6 Int+3}
                  | (You bought it in a shop in the Dungeon)
   114 | D        | Found Ugig's Magic Scroll Shop.
   115 | D        | Found Zyassoop's Magic Scroll Shop.
   115 | D        | Found Dadezihi's Must-Have Magic.
   116 | D        | Found a sacrificial altar of Ru.
   116 | D        | Found a shimmering blue altar of Sif Muna.
   116 | D        | Found a snail-covered altar of Cheibriados.
   116 | D        | Found Tiaggar's Staff Store.
   120 | D        | Found a blossoming altar of Fedhas.
   121 | D        | Found a basalt altar of Yredelemnul.
   122 | D        | Found a glowing golden altar of the Shining One.
   123 | D        | Found Eshriotil's Distillery.
   124 | D        | Found Korph's Distillery.
   124 | D        | Found Cyezut's Bottled Wisdom.
   125 | D        | Found a hide-covered altar of Uskayaw.
   125 | D        | Found Tuiruhoamo's Do-It-Yourself Clinic.
   126 | D        | Arena points: 4 (+4) [x1]
   141 | D        | Round 2.
   142 | D        | Noticed a crimson imp
   144 | D        | Found a burning altar of Makhleb.
   147 | D        | Noticed a crimson imp
   158 | D        | Reached XP level 2. HP: 26/27 MP: 2/2
   159 | D        | Killed a crimson imp
   160 | D        | Reached skill level 5 in Armour
   160 | D        | Reached XP level 3. HP: 31/35 MP: 3/3
   167 | D        | Reached skill level 6 in Armour
   167 | D        | Reached skill level 5 in Shields
   167 | D        | Reached XP level 4. HP: 41/43 MP: 4/4
   189 | D        | Reached skill level 5 in Fighting
   197 | D        | Arena points: 28 (+24) [x2]
   213 | D        | Found a shadowy altar of Dithmenos.
   214 | D        | Found a radiant altar of Vehumet.
   215 | D        | Found an iron altar of Okawaru.
   215 | D        | Round 3.
   216 | D        | Found Damicaupn's Weapon Rack.
   217 | D        | Found Fidohel's Basic Armour.
   217 | D        | Found Gatowkom's Miscellaneous Merchandise.
   218 | D        | Found a corrupted altar of Lugonu.
   218 | D        | Found Ereneh's Premium Goods.
   232 | D        | Noticed Grum
   237 | D        | Became a worshipper of Qazlal Stormbringer
   242 | D        | Noticed a hell hound
   247 | D        | Killed Grum
   248 | D        | Reached skill level 5 in Axes
   248 | D        | Reached skill level 8 in Armour
   248 | D        | Reached XP level 5. HP: 15/53 MP: 5/5
   253 | D        | Noticed a hell hound
   255 | D        | HP: 1/53 [hell hound/blast of flame (14)]
   260 | D        | HP: 1/53 [hell hound (1)]
   261 | D        | Killed a hell hound
   261 | D        | Reached * piety under Qazlal
   262 | D        | Reached XP level 6. HP: 2/62 MP: 6/6
   266 | D        | Killed a hell hound
   267 | D        | Reached skill level 9 in Armour
   357 | D        | Slain by a wolf

Illustrated notes

Levels and vault maps discovered:
D:        arena_sprint

Skill      XL: |  1  2  3  4  5  6 |
---------------+-------------------+-----
Fighting       | 3 4 6 7 |  7.2
Axes           | 2 3 5 6 |  6.2
Armour         | 4 5 6 8 9 |  9.4
Shields        | 4 5 7 8 |  8.6

Action                     |  1- 3 |  4- 6 || total
---------------------------+-------+-------++-------
  Melee: War axe           |    25 |    26 ||    51
         Tailslap          |     2 |     3 ||     5
  Evoke: Wand              |       |     6 ||     6
    Use: Potion            |     2 |     4 ||     6
 Armour: Scale mail        |    17 |    14 ||    31
  Dodge: Dodged            |    36 |    33 ||    69
  Block: Buckler           |    15 |    12 ||    27

Table legend: (Time is in decaauts)
 A = Elapsed time spent in this place.
 B = Non-inter-level travel time spent in this place.
 C = Inter-level travel time spent in this place.
 D = Time resting spent in this place.
 E = Time spent auto-exploring this place.
 F = Levels seen in this place.
 G = Mean time per level.
                   A        B        C        D        E       F      G
               +--------+--------+--------+--------+--------+-----+--------+
         Total |    353 |    353 |      0 |    140 |      0 |   1 |  353.0 |
       Dungeon |    353 |    353 |      0 |    140 |      0 |   1 |  353.0 |
               +--------+--------+--------+--------+--------+-----+--------+

Top non-repeatable levels by time:
       D: 353 daAuts
